 Dungeon Crawl Stone Soup version 0.31-a0-1576-ga3383bade6 (webtiles) character file.

Game seed: 9908234924762741714

2247 monsoonserge the Skirmisher (level 9, -7/68 HPs)
             Began as a Formicid Hexslinger on Jan 5, 2024.
             Was a Believer of Zin.
             Mangled by Duvessa
             ... wielding a +4 short sword of venom
              (14 damage)
             ... on level 7 of the Dungeon.
             The game lasted 00:32:30 (7203 turns).

monsoonserge the Skirmisher (Formicid Hexslinger)   Turns: 7203, Time: 00:32:30

Health: -7/68      AC:  4    Str: 12    XL:     9   Next: 63%
Magic:  0/13       EV: 14    Int: 10    God:    Zin [**....]
Gold:   348        SH:  0    Dex: 26    Spells: 5/14 levels left

rFire   . . .        y - +0 orcbow
rCold   + + +        (no shield)
rNeg    . . .        c - +0 robe
rPois   .            (helmet unavailable)
rElec   +            q - scarf {+Inv}
rCorr   .            n - +0 pair of gloves
SInv    +            h - +0 pair of boots
Will    .....        p - amulet of guardian spirit
Stlth   +++          x - ring "Syhof" {rElec rC+++ Str-2 Int-2 Dex+6}
HPRegen 0.31/turn    t - ring of willpower
MPRegen 0.13/turn

%: guardian spirit
@: lethally poisoned (-7 -> -38), weak-willed, on recite cooldown
A: permanent stasis, dig shafts and tunnels, antennae 3, four strong arms
a: Dig, Shaft Self, Renounce Religion, Evoke Invisibility, Recite, Vitalisation,
Donate Gold


You were on level 7 of the Dungeon.
You worshipped Zin.
Zin was pleased with you.
You visited 2 branches of the dungeon, and saw 8 of its levels.
You also visited: Sewer.

You collected 386 gold pieces.
You donated 38 gold pieces to Zin.

Inventory:

Hand Weapons
 a - a +1 sling
 y - a +0 orcbow (weapon)
Missiles
 e - 17 poisoned darts
 F - a curare-tipped dart
Armour
 c - a +0 robe (worn)
 h - a +0 pair of boots (worn)
 n - a +0 pair of gloves (worn)
 q - a scarf of invisibility (worn)
 v - the orb of Illem {guile, Rampage *Slow Dex+4}
   (You found it on level 4 of the Dungeon)

   Dex+4:     It affects your dexterity (+4).
   *Slow:     It may slow you when you take damage.
   Rampage:   It bestows one free step when moving towards enemies.
 w - a +0 scale mail
 B - a +0 leather armour
Jewellery
 d - a ring of positive energy
 p - an amulet of guardian spirit (around neck)
 t - a ring of willpower (right hand)
 x - the ring "Syhof" (left hand) {rElec rC+++ Str-2 Int-2 Dex+6}
   (You found it on level 5 of the Dungeon)

   [ring of dexterity]

   Str-2:     It affects your strength (-2).
   Int-2:     It affects your intelligence (-2).
   Dex+6:     It affects your dexterity (+6).
   rC+++:     It renders you almost immune to cold.
   rElec:     It insulates you from electricity.
Wands
 r - a wand of charming (4)
 E - a wand of flame (17)
Scrolls
 b - 2 scrolls of poison
 f - 3 scrolls of enchant weapon
 i - a scroll of revelation
 j - 3 scrolls of blinking {unknown}
 k - 3 scrolls of enchant armour
 l - a scroll of noise {unknown}
 m - 2 scrolls of fear {unknown}
 C - 2 scrolls of silence {unknown}
 G - a scroll of amnesia {unknown}
Potions
 g - 7 potions of curing
 o - a potion of magic
 s - a potion of might
 u - 2 potions of resistance
 z - a potion of heal wounds {unknown}
 A - a potion of brilliance {unknown}
 D - a potion of attraction {unknown}


   Skills:
 + Level 5.4 Fighting
 + Level 8.6 Ranged Weapons
 + Level 0.6 Armour
 + Level 3.4 Dodging
 - Level 2.0 Stealth
 - Level 3.0 Spellcasting
 + Level 5.2 Hexes
 + Level 1.0 Fire Magic
 * Level 5.0 Invocations
 + Level 0.6 Evocations


You had 5 spell levels left.
You knew the following spells:

 Your Spells              Type           Power      Damage    Failure   Level
a - Jinxbite              Hex            22%        N/A       4%          2
b - Sigil of Binding      Hex            11%        N/A       10%         3
c - Cause Fear            Hex            5%         N/A       32%         4

Your spell library contained the following spells:

 Spells                   Type           Power      Damage    Failure   Level
 Foxfire                  Conj/Fire      8%         2x1d4     22%         1
 Inner Flame              Hex/Fire       7%         N/A       24%         3
 Magic Dart               Conj           4%         1d3       28%         1
 Sting                    Conj/Alch      4%         1d3       28%         1
 Call Imp                 Summ           2%         N/A       38%         2
 Mercury Vapours          Alch/Air       2%         N/A       38%         2
 Summon Ice Beast         Ice/Summ       1%         N/A       63%         3
 Dimensional Bullseye     Hex/Tloc       3%         N/A       67%         4
 Olgreb's Toxic Radiance  Alch           1%         N/A       95%         4
 Summon Mana Viper        Hex/Summ       6%         N/A       95%         5
 Plasma Beam              Fire/Air       1%         2x1d11    100%        6
 Starburst                Conj/Fire      1%         6d3       100%        6
 Monstrous Menagerie      Summ           0%         N/A       100%        7
 Ozocubu's Refrigeration  Ice            0%         4d7       100%        7
 Discord                  Hex            5%         N/A       100%        8
 Blink                    Tloc           Unusable   N/A       N/A         2

Dungeon Overview and Level Annotations

Branches:
Dungeon (7/15)             Temple (1/1) D:5           Sewer (visited)

Altars:
Ashenzari
Cheibriados
Dithmenos
Elyvilon
Fedhas
Gozag
Hepliaklqana
Kikubaaqudgha
Nemelex Xobeh
Okawaru
Qazlal
Ru
Sif Muna
Trog
Uskayaw
Vehumet
Wu Jian
Xom
Yredelemnul
Zin
The Shining One

Annotations:
D:7 Duvessa


Innate Abilities, Weirdness & Mutations

You cannot be hasted, slowed, berserked, paralysed or teleported.
You can dig through walls and to a lower floor.
You have a pair of large antennae on your head. (SInv)
Your four strong arms can wield two-handed weapons with a shield.


Message History

You shoot an arrow. The arrow hits Duvessa.
Duvessa is heavily wounded.
You feel sick. Duvessa misses you.
Duvessa hits you with a +4 short sword of venom.
You are more poisoned.
You shoot an arrow. The arrow hits Duvessa!
Duvessa is severely wounded.
You feel very sick. Duvessa hits you but does no damage.
You are more poisoned.
You shoot an arrow. The arrow hits Duvessa.
Duvessa is almost dead.
You feel extremely sick.
Duvessa is lost in a daze. x2
You shoot an arrow. The arrow hits Duvessa.
Duvessa is almost dead.
You feel very sick.
Duvessa hits you with a +4 short sword of venom!
You are more poisoned.
Duvessa hits you with a +4 short sword of venom.
You are lethally poisoned!
Fire: y) +0 orcbow
Press: ? - help, Q - select action, (/) - cycle Shift-Dir - straight line, f/p - Duvessa
Aim: Duvessa, wielding a +4 short sword of venom and wearing a +0 ring mail (almost dead, berserk, dazed, heavily drained, 72% to hit)
You shoot an arrow. The arrow barely misses Duvessa.
You feel extremely sick.
Duvessa seems less drained.
Duvessa hits you with a +4 short sword of venom!!
* * * LOW HITPOINT WARNING * * *
You are more poisoned.
Unknown command.
Fire: y) +0 orcbow
Press: ? - help, Q - select action, (/) - cycle Shift-Dir - straight line, f/p - Duvessa
Aim: Duvessa, wielding a +4 short sword of venom and wearing a +0 ring mail (almost dead, berserk, dazed, 72% to hit)
You shoot an arrow. The arrow hits Duvessa.
Duvessa is almost dead.
Zin protects you from harm! Duvessa misses you.
Duvessa hits you with a +4 short sword of venom!
You die...

########## #....(...#
#.######.# ###############
#.# ###.###@e...........####
#.####......#............)..e
#)##..............)[##.#.###e
#.##.#.#.###..#####.##.#.###<
#)##.#.#.# #..# #.##.#.....
#.##.#.#.# #..# ###.##.#..##>
#)##.#.#.# #..###.†....#..##.
#.#....#.# #..##.......#..##.
#.#..###.# #..##>#####.#..##.


You could see Duvessa (berserk, dazed).

Vanquished Creatures
  Pikel (D:5)
  A water moccasin (D:7)
  A sky beast (D:7)
  A black bear (D:7)
  2 centaurs
  2 phantoms (D:6)
  A lemure (D:5)
  A kobold brigand (D:7)
  2 scorpions (D:6)
  A gnoll sergeant (D:7)
  Dowan (D:7)
  4 wights
  A howler monkey (D:4)
  A jelly (D:5)
  2 bombardier beetles
  2 hounds
  3 sleepcaps
  3 iguanas
  2 orc wizards
  A hell rat (Sewer)
  8 adders
  3 gnolls (D:7)
  3 river rats (Sewer)
  A shadow imp (D:7)
  A white imp (D:7)
  2 ufetubi (D:5)
  A ribbon worm (D:2)
  3 dart slugs
  11 orcs
  10 ball pythons
  5 bats
  2 endoplasms (D:3)
  3 giant cockroaches
  4 goblins
  6 hobgoblins
  6 jackals (D:1)
  5 kobolds
  3 quokkas
  4 frilled lizards
  18 rats
132 creatures vanquished.

Vanquished Creatures (collateral kills)
  An orc (D:5)
1 creature vanquished.

Vanquished Creatures (others)
  An ogre (D:5)
  A gnoll (D:7)
2 creatures vanquished.

Grand Total: 135 creatures vanquished

Notes
Turn   | Place    | Note
-------+----------+-------------------------------------------
     0 | D:1      | monsoonserge the Formicid Hexslinger began the quest for
                  | the Orb.
     0 | D:1      | Reached XP level 1. HP: 15/15 MP: 2/2
    84 | D:1      | Reached XP level 2. HP: 12/21 MP: 3/3
   105 | D:1      | Learned a level 2 spell: Jinxbite
   405 | D:1      | Found a faded altar of an unknown god.
   820 | D:2      | Reached XP level 3. HP: 26/26 MP: 4/4
  1061 | D:2      | Reached skill level 3 in Ranged Weapons
  1435 | D:2      | Reached XP level 4. HP: 32/32 MP: 5/5
  1681 | D:3      | Reached skill level 1 in Stealth
  1929 | D:3      | Found a glowing drain.
  1947 | Sewer    | Entered a sewer
  2041 | Sewer    | Reached XP level 5. HP: 38/38 MP: 1/6
  2114 | D:3      | Reached skill level 4 in Ranged Weapons
  2654 | D:4      | Reached XP level 6. HP: 32/46 MP: 4/7
  2831 | D:4      | Reached skill level 5 in Ranged Weapons
  3147 | D:4      | Found a shadowy altar of Dithmenos.
  3261 | D:4      | Identified the orb of Illem {guile, Rampage *Slow Dex+4}
  3727 | D:5      | Entered Level 5 of the Dungeon
  3776 | D:5      | Noticed an ogre
  3839 | D:5      | Identified the ring "Syhof" {rElec rC+++ Str-2 Int-2 Dex+6}
  4044 | D:5      | Reached XP level 7. HP: 44/52 MP: 5/8
  4092 | D:5      | HP: 1/52 [centaur/arrow (6)]
  4434 | D:5      | Found a staircase to the Ecumenical Temple.
  4442 | Temple   | Entered the Ecumenical Temple
  4560 | Temple   | Became a worshipper of Zin the Law-Giver
  4560 | Temple   | Reached * piety under Zin
  4649 | D:5      | Noticed Pikel
  4756 | D:5      | Reached skill level 1 in Invocations
  5025 | D:5      | Reached skill level 6 in Ranged Weapons
  5184 | D:6      | Reached XP level 8. HP: 49/60 MP: 6/10
  5461 | D:6      | Reached ** piety under Zin
  5535 | D:7      | Reached skill level 7 in Ranged Weapons
  5978 | D:6      | Learned a level 3 spell: Sigil of Binding
  6197 | D:5      | Killed Pikel
  6198 | D:5      | Reached skill level 5 in Fighting
  6198 | D:5      | Reached skill level 8 in Ranged Weapons
  6198 | D:5      | Reached skill level 5 in Hexes
  6198 | D:5      | Reached XP level 9. HP: 22/68 MP: 3/12
  6421 | D:7      | Noticed Dowan
  6721 | D:7      | Noticed Duvessa
  6921 | D:7      | Killed Dowan
  7012 | D:7      | Learned a level 4 spell: Cause Fear
  7101 | D:7      | Reached skill level 5 in Invocations
  7203 | D:7      | Zin protects you from harm!
  7203 | D:7      | Mangled by Duvessa

Illustrated notes

Levels and vault maps discovered:
D:1:      dpeg_arrival_arbitrary_b, layout_loops_ring,
          shapermc_ecumenical_altar_notcrosses
D:2:      layout_basic
D:3:      layout_loops_ring, portal_sewer_entry_b, hangedman_decor_growths,
          minmay_misc_feat_room
D:4:      layout_basic, grunt_dithmenos_smoke_and_mirrors
D:5:      layout_loops_ring, minmay_temple_entry_glassed_door, uniq_pikel
D:6:      layout_rooms, serial_bayou_pond_d
D:7:      layout_loops_ring, uniq_duvessa
Temple:   nicolae_temple_slightly_damp_pantheon

Skill      XL: |  1  2  3  4  5  6  7  8  9 |
---------------+----------------------------+-----
Hexes          | 4 5 |  5.2
Ranged Weapons | 3 4 5 6 8 |  8.6
Stealth        | 1 2 |  2.0
Fighting       | 2 3 5 |  5.4
Dodging        | 2 3 |  3.4
Invocations    | 1 4 5 |  5.0
Spellcasting   | 2 3 |  3.0
Armour         | |  0.6
Fire Magic     | |  1.0
Evocations     | |  0.6

Action                     |  1- 3 |  4- 6 |  7- 9 || total
---------------------------+-------+-------+-------++-------
   Fire: Sling             |   104 |   212 |     7 ||   323
         Orcbow            |       |       |   202 ||   202
   Cast: Jinxbite          |       |     4 |    22 ||    26
 Invoke: Recite            |       |       |     7 ||     7
Ability: Dig               |     2 |       |       ||     2
  Evoke: Wand              |       |     1 |     4 ||     5
    Use: Scroll            |       |     8 |     1 ||     9
         Potion            |       |       |     2 ||     2
 Armour: Robe              |    40 |    71 |    77 ||   188
         Leather armour    |       |       |     5 ||     5
  Dodge: Dodged            |    50 |    78 |    69 ||   197

Table legend: (Time is in decaauts)
 A = Elapsed time spent in this place.
 B = Non-inter-level travel time spent in this place.
 C = Inter-level travel time spent in this place.
 D = Time resting spent in this place.
 E = Time spent auto-exploring this place.
 F = Levels seen in this place.
 G = Mean time per level.
                   A        B        C        D        E       F      G
               +--------+--------+--------+--------+--------+-----+--------+
         Total |   7317 |   6710 |    607 |    568 |   3911 |   9 |  813.0 |
       Dungeon |   7103 |   6547 |    556 |    511 |   3911 |   7 | 1014.7 |
        Temple |     54 |      3 |     51 |      0 |      0 |   1 |   54.0 |
         Sewer |    159 |    159 |      0 |     57 |      0 |   1 |  159.0 |
               +--------+--------+--------+--------+--------+-----+--------+

Top non-repeatable levels by time:
     D:5: 1457 daAuts
     D:4: 1096 daAuts
     D:6: 1021 daAuts
     D:7: 945 daAuts
     D:2: 900 daAuts
     D:3: 853 daAuts
     D:1: 829 daAuts
   Sewer: 159 daAuts
  Temple: 54 daAuts
